 Dungeon Crawl Stone Soup version 0.30-a0-728-gc68057be0a (webtiles) character file.

Game seed: 1160336675549525443

51 dialectric the Covered (level 3, -1/73 HPs)
             Began as an Armataur Fighter on Jan 30, 2023.
             Succumbed to a goblin's poison
             ... on level 2 of the Dungeon.
             The game lasted 00:01:21 (1112 turns).

dialectric the Covered (Armataur Fighter)           Turns: 1112, Time: 00:01:21

Health: -1/73      AC: 21    Str: 21    XL:     3   Next: 57%
Magic:  3/3        EV:  1    Int:  8    God:
Gold:   89         SH:  0    Dex: 11    Spells: 2/2 levels left

rFire   . . .      SeeInvis .    a - +0 flail
rCold   . . .      Faith    .    (no shield)
rNeg    . . .      Spirit   .    (body armour currently unavailable)
rPois   +          Reflect  .    (helmet currently unavailable)
rElec   .          Harm     .    (cloak currently unavailable)
rCorr   .          Roll     +    (gloves currently unavailable)
Will    .....      NoTele   +    (no barding) Stlth
                                 (no amulet)
HPRegen 0.32/turn                (no ring)
MPRegen 0.08/turn                (no ring)

@: mighty, berserking, lethally poisoned (-1 -> -22), tree-form, very quick
A: stationary, stasis, torment immunity, boosted hp, large, rugged brown scales
3, (deformed body), (armoured tail), roll, long tongue, awkward tongue
a: no special abilities


You were on level 2 of the Dungeon.
You were a tree.
You visited 1 branch of the dungeon, and saw 2 of its levels.

You collected 89 gold pieces.

Inventory:

Hand Weapons
 a - a +0 flail (weapon)
Armour
 b - a +0 scale mail
 c - a +0 buckler
 h - a +0 chain mail (melded)
 k - a +0 pair of gloves (melded)
Jewellery
 o - a ring of wizardry
Scrolls
 f - 2 scrolls of teleportation {unknown}
 g - 2 scrolls of fog {unknown}
 l - a scroll of enchant armour {unknown}
 n - a scroll of brand weapon {unknown}
 r - a scroll of enchant weapon {unknown}
Potions
 e - a potion of curing {unknown}
 i - a potion of degeneration {unknown}
 j - 2 potions of heal wounds {unknown}
 m - a potion of berserk rage
 p - a potion of brilliance {unknown}


   Skills:
 + Level 3.1 Fighting
 + Level 2.2 Maces & Flails
 * Level 4.5 Armour
 + Level 3.5 Shields


You had 2 spell levels left.
You didn't know any spells.
Your spell library contained the following spells:

 Spells                   Type           Power      Damage    Failure   Level
 Inner Flame              Hex/Fire       0%         N/A       78%         3
 Flame Wave               Conj/Fire      0%         2d4       99%         4
 Sticky Flame             Conj/Fire      0%         2d3       99%         4


Dungeon Overview and Level Annotations

Branches:
Dungeon (2/15)

Altars:

Shops:
D:2 *

Annotations:
D:2 Robin


Innate Abilities, Weirdness & Mutations

You are a tree.
Your roots penetrate the ground, keeping you stationary.
You cannot be teleported.
You are immune to unholy pain and torment.
Your maximum health is greatly increased.
Your equipment is partially melded.
(You are completely covered in rugged brown scales. (AC +3, +7% HP))
((Armour fits poorly on your strangely shaped body.))
((You have a long armoured tail.))
You roll when moving toward enemies. (Rampage)
Your long tongue fully drains potion bottles. (2x potion effects)
Your tongue gives you trouble enunciating. (1.5x scroll delay)


Message History

The goblin hits you with a +2 dagger of venom.
You are poisoned.
You barely miss the goblin. You tail-slap the goblin.
The goblin is heavily wounded.
You feel very sick. The goblin hits you but does no damage.
The goblin hits you with a +2 dagger of venom.
You are lethally poisoned!
Unknown command.
You slurp down every last drop of the potion of might!
You feel very mighty all of a sudden.
* * * LOW HITPOINT WARNING * * *
You feel very sick. The goblin completely misses you.
The goblin hits you but does no damage.
You are more poisoned.
You slurp down every last drop of the pink potion!
It was a potion of lignification.
You turn into a tree.
Your +0 pair of gloves melds into your body.
Your +0 chain mail melds into your body.
Your roots penetrate the ground.
* * * LOW HITPOINT WARNING * * *
You feel very sick. The goblin barely misses you.
The goblin hits you with a +2 dagger of venom.
* * * LOW HITPOINT WARNING * * *
Unknown command.
You slurp down every last drop of the 2 viscous orange potions!
It was a potion of berserk rage.
A red film seems to cover your vision as you go berserk!
You feel yourself moving faster!
You feel mighty!
* * * LOW HITPOINT WARNING * * *
You feel very sick. The goblin hits you with a +0 dagger.
* * * LOW HITPOINT WARNING * * *
The goblin hits you but does no damage.
You are more poisoned.
You are too berserk!
You closely miss the goblin.
The goblin is heavily wounded.
You die...

#.####...####
#.# #.#.###
... #.#...#
#.## #.###.#
.. #.#
#.#####.# .##
#.###........
.
#.....#####.#
#####g# #♣#
#g# #g#


ggg .gg#? ...g#.# .....# # .g....# .......# You could see Robin and 8 goblins.

Vanquished Creatures
  2 adders (D:2)
  6 endoplasms
  A giant cockroach (D:1)
  4 goblins
  2 hobgoblins
  4 kobolds
  A quokka (D:2)
  5 ball pythons
  2 bats
  3 rats
30 creatures vanquished.

Notes
Turn   | Place    | Note
-------+----------+-------------------------------------------
     0 | D:1      | dialectric the Armataur Fighter began the quest for the
                  | Orb.
     0 | D:1      | Reached XP level 1. HP: 19/19 MP: 1/1
   214 | D:1      | Reached XP level 2. HP: 19/26 MP: 2/2
   217 | D:1      | Reached skill level 4 in Armour
   755 | D:2      | Found Ysmim's General Store.
  1001 | D:2      | Reached XP level 3. HP: 31/33 MP: 3/3
  1102 | D:2      | Noticed Robin
  1111 | D:2      | HP: 3/73 [goblin/+0 dagger[Robin] (5)]
  1112 | D:2      | Succumbed to a goblin's poison

Illustrated notes

Levels and vault maps discovered:
D:1:      kennysheep_arrival_forest, layout_loops_ring
D:2:      layout_basic, serial_shops, shop, item_on_display_a, uniq_sigmund,
          uniq_robin

Skill      XL: |  1  2 |
---------------+-------+-----
Armour         | 4 |  4.5
Maces & Flails | 2 |  2.2
Fighting       | 3 |  3.1
Shields        | |  3.5

Action                     || total
---------------------------++-------
  Melee: Flail             ||    74
         Tailslap          ||     4
    Use: Potion            ||     3
 Armour: Chain mail        ||    48
         Scale mail        ||     4
         Skin              ||     1
  Dodge: Dodged            ||    18

Table legend: (Time is in decaauts)
 A = Elapsed time spent in this place.
 B = Non-inter-level travel time spent in this place.
 C = Inter-level travel time spent in this place.
 D = Time resting spent in this place.
 E = Time spent auto-exploring this place.
 F = Levels seen in this place.
 G = Mean time per level.
                   A        B        C        D        E       F      G
               +--------+--------+--------+--------+--------+-----+--------+
         Total |   1133 |   1112 |     21 |     61 |    808 |   2 |  566.5 |
       Dungeon |   1133 |   1112 |     21 |     61 |    808 |   2 |  566.5 |
               +--------+--------+--------+--------+--------+-----+--------+

Top non-repeatable levels by time:
     D:1: 758 daAuts
     D:2: 375 daAuts
